3L
ECHO PARK LAKERS @ BROOKLYN DODGERS
09/03/2039
 
TOP OF THE 1ST
Echo Park Lakers batting - Pitching for Brooklyn Dodgers : LHP Holden Rosen Grupp
Pitching: LHP Holden Rosen Grupp
Batting: LHB Wu-shun Chu 0-0: Called Strike
0-1: SINGLE (Groundball, 34D, EV 96.9 MPH)
Batting: RHB Ryoma Yamamoto 0-0: Ball
1-0: Swinging Strike
1-1: Ball
2-1: Called Strike
2-2: SINGLE (Groundball, 56D, EV 110.0 MPH)
Wu-shun Chu to second
Batting: RHB Kyu-cheol Kye 0-0: Called Strike
0-1: Called Strike
Wu-shun Chu steals 3rd base
0-2: Strikes out looking
Batting: RHB Angeddy Almanzar 0-0: Foul Ball, location: 2F
0-1: Foul Ball, location: 2F
0-2: Ball
1-2: Ball
2-2: SINGLE (Line Drive, 89M, EV 108.1 MPH)
Wu-shun Chu scores
Ryoma Yamamoto to second
Batting: RHB Gilberto Juárez 0-0: Ball
1-0: Called Strike
1-1: Grounds into double play, 6-4-3 (Groundball, 6, EV 91.2 MPH)
Top of the 1st over - 1 run, 3 hits, 0 errors, 1 left on base; Echo Park 1 - Brooklyn 0
BOTTOM OF THE 1ST
Brooklyn Dodgers batting - Pitching for Echo Park Lakers : RHP Bernardo López
Pitching: RHP Bernardo López
Batting: LHB Alexis Raimbault 0-0: Called Strike
0-1: Ball
1-1: Foul Ball, location: 2F
1-2: Fly out, F8 (Flyball, 8RD, EV 86.2 MPH)
Batting: LHB Tony Wonder 0-0: Ball
1-0: Ball
2-0: Called Strike
2-1: Swinging Strike
2-2: Ball
3-2: SINGLE (Groundball, 4MD, EV 100.0 MPH)
Batting: RHB Carlos Muńóz 0-0: Ball
1-0: Foul Ball, location: 2F
1-1: Ball
2-1: DOUBLE (Line Drive, 9LD, EV 100.0 MPH)
Tony Wonder to third
Runner from 3rd tries for Home, SAFE, throw by RF to home
Batting: RHB Bill Chaundler 0-0: Called Strike
0-1: Ball
1-1: Swinging Strike
1-2: Strikes out swinging
Batting: SHB Peer van Lochem 0-0: Ground out 5-3 (Groundball, 5, EV 86.9 MPH)
Bottom of the 1st over - 1 run, 2 hits, 0 errors, 1 left on base; Echo Park 1 - Brooklyn 1
TOP OF THE 2ND
Echo Park Lakers batting - Pitching for Brooklyn Dodgers : LHP Holden Rosen Grupp
Batting: RHB Komotay Koffie 0-0: Called Strike
0-1: Foul Ball, location: 2F
0-2: Ball
1-2: DOUBLE (Flyball, 9LD, EV 91.2 MPH)
Batting: LHB Philip Todd 0-0: Fly out, F9 (Flyball, 9LSF, EV 75.6 MPH)
Batting: RHB Phil Gillespie 0-0: Ball
1-0: Foul Ball, location: 2F
1-1: Ball
2-1: Ground out 5-3 (Groundball, 56, EV 95.0 MPH)
Batting: RHB Felipe Campos 0-0: Ball
1-0: Ground out 6-3 (Groundball, 6, EV 101.9 MPH)
Top of the 2nd over - 0 runs, 1 hit, 0 errors, 1 left on base; Echo Park 1 - Brooklyn 1
BOTTOM OF THE 2ND
Brooklyn Dodgers batting - Pitching for Echo Park Lakers : RHP Bernardo López
Batting: LHB Hugh Hill 0-0: Ball
1-0: Ball
2-0: Ground out 4-3 (Groundball, 4, EV 77.5 MPH)
Batting: RHB Phil Sherman 0-0: Foul Ball, location: 2F
0-1: Ball
1-1: Fly out, F4 (Popup, 13S, EV 91.9 MPH)
Batting: SHB Alvin Peterson 0-0: Ball
1-0: Ground out 6-3 (Groundball, 6, EV 84.4 MPH)
Bottom of the 2nd over - 0 runs, 0 hits, 0 errors, 0 left on base; Echo Park 1 - Brooklyn 1
TOP OF THE 3RD
Echo Park Lakers batting - Pitching for Brooklyn Dodgers : LHP Holden Rosen Grupp
Batting: LHB Wu-shun Chu 0-0: Foul Ball, location: 2F
0-1: Swinging Strike
0-2: Strikes out swinging
Batting: RHB Ryoma Yamamoto 0-0: Ball
1-0: Ground out 6-3 (Groundball, 4M, EV 81.2 MPH)
Batting: RHB Kyu-cheol Kye 0-0: Called Strike
0-1: Ball
1-1: Ball
2-1: Ball
3-1: Ground out 5-3 (Groundball, 56, EV 103.8 MPH)
Top of the 3rd over - 0 runs, 0 hits, 0 errors, 0 left on base; Echo Park 1 - Brooklyn 1
BOTTOM OF THE 3RD
Brooklyn Dodgers batting - Pitching for Echo Park Lakers : RHP Bernardo López
Batting: RHB Quindarious Monday 0-0: Ball
1-0: Fly out, F7 (Flyball, 78S, EV 85.6 MPH)
Batting: LHB Alexis Raimbault 0-0: Called Strike
0-1: Ball
1-1: Foul Ball, location: 2F
1-2: Strikes out swinging
Batting: LHB Tony Wonder 0-0: Ball
1-0: Fly out, F4 (Popup, 34S, EV 75.0 MPH)
Bottom of the 3rd over - 0 runs, 0 hits, 0 errors, 0 left on base; Echo Park 1 - Brooklyn 1
TOP OF THE 4TH
Echo Park Lakers batting - Pitching for Brooklyn Dodgers : LHP Holden Rosen Grupp
Batting: RHB Angeddy Almanzar 0-0: Called Strike
0-1: Swinging Strike
0-2: SINGLE (Line Drive, 3D, EV 97.5 MPH)
Batting: RHB Gilberto Juárez 0-0: Ball
1-0: 2-RUN HOME RUN (Line Drive, 8LXD, EV 105.6 MPH), Distance : 441 ft
Batting: RHB Komotay Koffie 0-0: Foul Ball, location: 2F
0-1: Called Strike
0-2: SINGLE (Line Drive, 56D, EV 104.4 MPH)
Batting: LHB Philip Todd 0-0: Ball
Wild Pitch!
Komotay Koffie to second
1-0: Ball
2-0: Called Strike
2-1: Ball
3-1: Foul Ball, location: 2F
3-2: Foul Ball, location: 2F
3-2: Base on Balls
Batting: RHB Phil Gillespie 0-0: Ball
1-0: Ball
2-0: Foul Ball, location: 2F
2-1: Swinging Strike
2-2: Ball
3-2: Base on Balls
Komotay Koffie to third
Philip Todd to second
Batting: RHB Felipe Campos 0-0: Called Strike
0-1: Called Strike
0-2: Ball
1-2: Ball
2-2: Foul Ball, location: 2F
2-2: Fly out, F8 (Flyball, 89M, EV 88.8 MPH)
Runner from 3rd tags up, SCORES, throw by CF
Batting: LHB Wu-shun Chu 0-0: Called Strike
0-1: Ball
1-1: Fielders Choice at 2nd, 4-6 (Groundball, 4, EV 98.1 MPH)
Philip Todd to third
Batting: RHB Ryoma Yamamoto 0-0: Ball
1-0: Called Strike
1-1: Foul Ball, location: 2F
1-2: Foul Ball, location: 2F
1-2: Ball
2-2: Ball
3-2: Fly out, F8 (Line Drive, 8RM, EV 94.4 MPH)
Top of the 4th over - 3 runs, 3 hits, 0 errors, 2 left on base; Echo Park 4 - Brooklyn 1
BOTTOM OF THE 4TH
Brooklyn Dodgers batting - Pitching for Echo Park Lakers : RHP Bernardo López
Batting: RHB Carlos Muńóz 0-0: Ball
1-0: Ball
2-0: Called Strike
2-1: Swinging Strike
2-2: Fly out, F9 (Flyball, 9LMF, EV 88.8 MPH)
Batting: RHB Bill Chaundler 0-0: Foul Ball, location: 2F
0-1: Fly out, F3 (Popup, 3F, EV 67.5 MPH)
Batting: SHB Peer van Lochem 0-0: Called Strike
0-1: Fly out, F8 (Flyball, 8RS, EV 89.4 MPH)
Bottom of the 4th over - 0 runs, 0 hits, 0 errors, 0 left on base; Echo Park 4 - Brooklyn 1
TOP OF THE 5TH
Echo Park Lakers batting - Pitching for Brooklyn Dodgers : LHP Holden Rosen Grupp
Batting: RHB Kyu-cheol Kye 0-0: Ball
1-0: Foul Ball, location: 2F
1-1: Foul Ball, location: 2F
1-2: Ball
2-2: Ground out 5-3 (Groundball, 56S, EV 83.1 MPH)
Batting: RHB Angeddy Almanzar 0-0: Foul Ball, location: 2F
0-1: Ball
1-1: Ball
2-1: Foul Ball, location: 2F
2-2: Fly out, F4 (Flyball, 34D, EV 96.9 MPH)
Batting: RHB Gilberto Juárez 0-0: Ball
1-0: Foul Ball, location: 2F
1-1: Foul Ball, location: 2F
1-2: Ball
2-2: SINGLE (Line Drive, 9LS, EV 106.2 MPH)
Batting: RHB Komotay Koffie 0-0: Ball
1-0: Foul Ball, location: 2F
1-1: Fielders Choice at 2nd, 6-4 (Groundball, 6, EV 83.8 MPH)
Top of the 5th over - 0 runs, 1 hit, 0 errors, 1 left on base; Echo Park 4 - Brooklyn 1
BOTTOM OF THE 5TH
Brooklyn Dodgers batting - Pitching for Echo Park Lakers : RHP Bernardo López
Batting: LHB Hugh Hill 0-0: Foul Ball, location: 2F
0-1: Called Strike
0-2: Foul Ball, location: 2F
0-2: Foul Ball, location: 2F
0-2: Hit by Pitch
Batting: RHB Phil Sherman 0-0: Fielders Choice at 2nd, 5-4 (Groundball, 56, EV 82.5 MPH)
Batting: SHB Alvin Peterson 0-0: Foul Ball, location: 2F
0-1: Fly out, F4 (Popup, 34, EV 68.8 MPH)
Batting: RHB Quindarious Monday 0-0: Called Strike
0-1: Called Strike
0-2: Foul Ball, location: 2F
0-2: Ball
1-2: Ball
2-2: SINGLE (Line Drive, 78S, EV 96.9 MPH)
Phil Sherman to second
Batting: LHB Alexis Raimbault 0-0: Swinging Strike
0-1: Foul Ball, location: 2F
0-2: Ball
1-2: Ball
2-2: Foul Ball, location: 2F
2-2: Strikes out swinging
Bottom of the 5th over - 0 runs, 1 hit, 0 errors, 2 left on base; Echo Park 4 - Brooklyn 1
TOP OF THE 6TH
Echo Park Lakers batting - Pitching for Brooklyn Dodgers : LHP Holden Rosen Grupp
Batting: LHB Philip Todd 0-0: Called Strike
0-1: Foul Ball, location: 2F
0-2: Ground out 6-3 (Groundball, 6M, EV 88.8 MPH)
Batting: RHB Phil Gillespie 0-0: Called Strike
0-1: Fly out, F3 (Popup, 34, EV 66.2 MPH)
Batting: RHB Felipe Campos 0-0: Ball
1-0: Called Strike
1-1: Foul Ball, location: 2F
1-2: DOUBLE (Line Drive, 9LM, EV 105.0 MPH)
Batting: LHB Wu-shun Chu 0-0: Called Strike
0-1: Ground out 6-3 (Groundball, 4M, EV 80.0 MPH)
Top of the 6th over - 0 runs, 1 hit, 0 errors, 1 left on base; Echo Park 4 - Brooklyn 1
BOTTOM OF THE 6TH
Brooklyn Dodgers batting - Pitching for Echo Park Lakers : RHP Bernardo López
Batting: LHB Tony Wonder 0-0: Foul Ball, location: 2F
0-1: Fly out, F8 (Flyball, 8LM, EV 81.9 MPH)
Batting: RHB Carlos Muńóz 0-0: Called Strike
0-1: Fly out, F8 (Flyball, 8RD, EV 110.6 MPH)
Batting: RHB Bill Chaundler 0-0: Ball
1-0: SINGLE (Groundball, 56D, EV 97.5 MPH)
Batting: SHB Peer van Lochem 0-0: Called Strike
0-1: Fly out, F5 (Popup, 5SF, EV 71.9 MPH)
Bottom of the 6th over - 0 runs, 1 hit, 0 errors, 1 left on base; Echo Park 4 - Brooklyn 1
TOP OF THE 7TH
Echo Park Lakers batting - Pitching for Brooklyn Dodgers : LHP Holden Rosen Grupp
Pitching: RHP Shawn Williams
Batting: RHB Ryoma Yamamoto 0-0: Called Strike
0-1: Ball
1-1: Ground out 3-1 (Groundball, 34S, EV 91.2 MPH)
Batting: RHB Kyu-cheol Kye 0-0: Ball
1-0: Foul Ball, location: 2F
1-1: Ball
2-1: Called Strike
2-2: Fly out, F7 (Flyball, 7LD, EV 99.4 MPH)
Batting: RHB Angeddy Almanzar 0-0: Foul Ball, location: 2F
0-1: Ball
1-1: Swinging Strike
1-2: Foul Ball, location: 2F
1-2: Ball
2-2: Foul Ball, location: 2F
2-2: Fly out, F8 (Line Drive, 8LM, EV 100.6 MPH)
Top of the 7th over - 0 runs, 0 hits, 0 errors, 0 left on base; Echo Park 4 - Brooklyn 1
BOTTOM OF THE 7TH
Brooklyn Dodgers batting - Pitching for Echo Park Lakers : RHP Bernardo López
Batting: LHB Hugh Hill 0-0: SOLO HOME RUN (Flyball, 9LD, EV 89.4 MPH), Distance : 336 ft
Batting: RHB Phil Sherman 0-0: Ground out 5-3 (Groundball, 5, EV 82.5 MPH)
Pitching: RHP Bobby Roode
Batting: SHB Alvin Peterson 0-0: Called Strike
0-1: Ball
1-1: Foul Ball, location: 2F
1-2: Ground out 6-3 (Groundball, 6S, EV 70.6 MPH)
Batting: RHB Quindarious Monday 0-0: Fly out, F7 (Flyball, 78M, EV 91.9 MPH)
Bottom of the 7th over - 1 run, 1 hit, 0 errors, 0 left on base; Echo Park 4 - Brooklyn 2
TOP OF THE 8TH
Echo Park Lakers batting - Pitching for Brooklyn Dodgers : RHP Shawn Williams
Batting: RHB Gilberto Juárez 0-0: Called Strike
0-1: Fly out, F4 (Popup, 34S, EV 70.6 MPH)
Batting: RHB Komotay Koffie 0-0: Foul Ball, location: 2F
0-1: Ground out 6-3 (Groundball, 6D, EV 102.5 MPH)
Batting: LHB Philip Todd 0-0: Foul Ball, location: 2F
0-1: Foul Ball, location: 2F
0-2: Foul Ball, location: 2F
0-2: Ball
1-2: Ball
2-2: SINGLE (Groundball, 34D, EV 103.1 MPH)
Batting: RHB Phil Gillespie 0-0: Swinging Strike
0-1: Ball
1-1: Swinging Strike
1-2: Strikes out swinging
Top of the 8th over - 0 runs, 1 hit, 0 errors, 1 left on base; Echo Park 4 - Brooklyn 2
BOTTOM OF THE 8TH
Brooklyn Dodgers batting - Pitching for Echo Park Lakers : RHP Bobby Roode
Batting: LHB Alexis Raimbault 0-0: Called Strike
0-1: Ground out 4-3 (Groundball, 4, EV 101.9 MPH)
Batting: LHB Tony Wonder 0-0: Fly out, F9 (Flyball, 9, EV 86.9 MPH)
Batting: RHB Carlos Muńóz 0-0: Ball
1-0: DOUBLE (Line Drive, 9LS, EV 104.4 MPH)
Batting: RHB Bill Chaundler 0-0: Swinging Strike
0-1: Foul Ball, location: 2F
0-2: Strikes out swinging
Bottom of the 8th over - 0 runs, 1 hit, 0 errors, 1 left on base; Echo Park 4 - Brooklyn 2
TOP OF THE 9TH
Echo Park Lakers batting - Pitching for Brooklyn Dodgers : RHP Shawn Williams
Batting: RHB Felipe Campos 0-0: Ball
1-0: Ground out 6-3 (Groundball, 6, EV 106.2 MPH)
Batting: LHB Wu-shun Chu 0-0: Ball
1-0: Called Strike
1-1: Foul Ball, location: 2F
1-2: Strikes out swinging
Batting: RHB Ryoma Yamamoto 0-0: Swinging Strike
0-1: Ball
1-1: Ball
2-1: Ball
3-1: Base on Balls
Batting: RHB Kyu-cheol Kye 0-0: Fielders Choice at 2nd, 6-4 (Groundball, 6, EV 103.1 MPH)
Top of the 9th over - 0 runs, 0 hits, 0 errors, 1 left on base; Echo Park 4 - Brooklyn 2
BOTTOM OF THE 9TH
Brooklyn Dodgers batting - Pitching for Echo Park Lakers : RHP Bobby Roode
Pitching: RHP Tate Beason
Now in RF: Carlos Hernández
Batting: SHB Peer van Lochem 0-0: Called Strike
0-1: Ball
1-1: Foul Ball, location: 2F
1-2: Foul Ball, location: 2F
1-2: Ground out 1-3 (Groundball, 15, EV 87.5 MPH)
Batting: LHB Hugh Hill 0-0: Ball
1-0: Swinging Strike
1-1: Ball
2-1: Called Strike
2-2: Ball
3-2: Foul Ball, location: 2F
3-2: Foul Ball, location: 2F
3-2: Ground out 6-3 (Groundball, 6M, EV 102.5 MPH)
Batting: RHB Phil Sherman 0-0: Ball
1-0: Called Strike
1-1: Reached on error, E1 (Groundball, 15S, EV 69.4 MPH)
Pinch Hitting: LHB Richello Mabait 0-0: Called Strike
0-1: Called Strike
0-2: Strikes out looking
Bottom of the 9th over - 0 runs, 0 hits, 1 error, 1 left on base; Echo Park 4 - Brooklyn 2
Wednesday, July 8th, 2020 - OOTP Baseball 20.8 Build 74